 Dungeon Crawl Stone Soup version 0.19.1-1-g22dce08 (webtiles) character file.

85 zhar the Grave Robber (level 4, 0/30 HPs)
             Began as a Vampire Necromancer on Jan 17, 2017.
             Killed by divine providence
             ... invoked by an orc priest
              (9 damage)
             ... on level 3 of the Dungeon.
             The game lasted 00:47:42 (4444 turns).

zhar the Grave Robber (Vampire Necromancer)         Turns: 4444, Time: 00:47:42

Health: 0/30       AC:  3    Str:  7    XL:     4   Next: 25%
Magic:  8/8        EV: 12    Int: 18    God:
Gold:   137        SH:  0    Dex: 14    Spells: 3 memorised, 3 levels left

rFire  . . .     SeeInvis +     K - +0 rapier
rCold  + . .     Gourm    .     a - +0 robe
rNeg   + + .     Faith    .     (no shield)
rPois  +         Spirit   .     (no helmet)
rElec  .         Reflect  .     (no cloak)
rCorr  .         Harm     .     (no gloves)
MR     .....                    g - +0 pair of boots
Stlth  +++.......               (no amulet)
                                (no ring)
                                (no ring)

@: regenerating slowly
A: fangs 3, see invisible, unbreathing
a: Bat Form


You were on level 3 of the Dungeon.
You were thirsty.

You visited 1 branch of the dungeon, and saw 3 of its levels.

You collected 137 gold pieces.

Inventory:

Hand Weapons
 t - a +0 short sword
 K - a +0 rapier (weapon)
Missiles
 e - 107 stones (quivered)
 i - 54 sling bullets
 p - 9 poisoned needles
 q - 50 arrows
 x - 46 bolts
Armour
 a - a +0 robe (worn)
 g - a +0 pair of boots (worn)
Jewellery
 f - a cursed ring of loudness {unknown}
Scrolls
 j - a scroll of identify {unknown}
 u - a scroll of blinking {unknown}
 H - a scroll of amnesia {unknown}
 I - a scroll of enchant weapon {unknown}
 L - 2 scrolls of teleportation {unknown}
Potions
 c - 8 potions of blood
 h - 2 potions of flight {unknown}
 m - 2 potions of curing {unknown}
 o - a potion of haste {unknown}
 w - 2 potions of lignification {unknown}
Books
 b - a book of Necromancy

   Spells                             Type                      Level
   a - Pain                           Necromancy                   1
   b - Animate Skeleton               Necromancy                   1
   c - Vampiric Draining              Necromancy                   3
   d - Regeneration                   Charms/Necromancy            3
   e - Animate Dead                   Necromancy                   4
   f - Control Undead                 Necromancy                   4
Comestibles
 d - 2 fruits
 z - 3 bread rations
 M - a slice of pizza


   Skills:
 + Level 2.1 Dodging
 + Level 3.2 Stealth
 + Level 3.0 Spellcasting
 + Level 5.6 Necromancy


You had 3 spell levels left.
You knew the following spells:

 Your Spells              Type           Power        Failure   Level  Hunger
a - Pain                  Necr           ###.         1%          1    None
b - Animate Skeleton      Necr           N/A          1%          1    None
c - Control Undead        Necr           ###.......   21%         4    ####...


Dungeon Overview and Level Annotations

Branches:
Dungeon (3/15)

Altars:

Annotations:
D:2 Crazy Yiuf


Innate Abilities, Weirdness & Mutations

You heal slowly.
You have razor-sharp teeth.
You have supernaturally acute eyesight. (SInv)
You can survive without breathing.


Message History

Your bullfrog skeleton hits the orc priest.
The orc priest hits your bullfrog skeleton with a mace of protection!
Your bullfrog skeleton closely misses the orc priest.
Your bullfrog skeleton barely misses the orc priest.
The orc priest hits your bullfrog skeleton with a mace of protection.
Your bullfrog skeleton hits the orc priest.
The orc priest hits your bullfrog skeleton with a mace of protection!
Your bullfrog skeleton barely misses the orc priest. x2
The orc priest invokes the aid of Beogh against you.
Beogh smites you!
* * * LOW HITPOINT WARNING * * *
Your bullfrog skeleton hits the orc priest but does no damage.
The orc priest barely misses your bullfrog skeleton.
Your bullfrog skeleton hits the orc priest but does no damage.
Your bullfrog skeleton hits the orc priest!
The orc priest hits your bullfrog skeleton with a mace of protection!
Your bullfrog skeleton is destroyed!
The orc priest calls down the wrath of Beogh upon you.
Beogh smites you!
You die...

..# #......##..#......##.# .##
#......##.........##.# ##
#..>...##.........##.#
....##..#......##.#
....)o.........##.#
....##..#.#.#..##.# ...%
#....#....##.######
.......#.######.##.......
#######......#.#@#..........#####
......'........#.#.####.###.# #.#
#######......###.#.#..#.# #.# #.#
# .....###'#.#..#.# #.# #.# #
....#.....#..#.# #.# #.# #
####.....#..#.###.# #.# #
#.[[..#......#.# #.# #
###'#.#.##.#.#.# #.# #
####.#'#>##.#.#.###.#


You could see an orc priest.

Vanquished Creatures
  A bullfrog skeleton (D:3)
  Ijyb (D:2)
  2 dart slugs
  An orc (D:3)
  2 giant cockroaches (D:1)
  4 goblins
  6 hobgoblins
  3 jackals (D:2)
  9 kobolds
  A quokka (D:3)
  2 ball pythons (D:1)
  6 bats
  7 frilled lizards
  6 rats
  3 fungi (D:2)
54 creatures vanquished.

Vanquished Creatures (collateral kills)
  2 orcs (D:3)
  A ball python (D:1)
3 creatures vanquished.

Grand Total: 57 creatures vanquished

Notes
Turn   | Place    | Note
-------+----------+-------------------------------------------
     0 | D:1      | zhar the Vampire Necromancer began the quest for the Orb.
     0 | D:1      | Reached XP level 1. HP: 13/13 MP: 3/3
   124 | D:1      | Learned a level 1 spell: Animate Skeleton
   822 | D:1      | Reached XP level 2. HP: 19/19 MP: 3/5
  1617 | D:1      | Reached skill level 5 in Necromancy
  1994 | D:1      | Reached XP level 3. HP: 22/24 MP: 4/6
  2378 | D:2      | Noticed Ijyb
  2389 | D:2      | Killed Ijyb
  2655 | D:2      | Reached XP level 4. HP: 30/30 MP: 6/8
  2829 | D:2      | Found a runed door.
  2833 | D:2      | Noticed Crazy Yiuf
  4378 | D:2      | Learned a level 4 spell: Control Undead
  4444 | D:3      | Killed from afar by an orc priest

Skill      XL: |  1  2  3  4 |
---------------+-------------+-----
Necromancy     | 5 |  5.6
Spellcasting   | 3 |  3.0
Dodging        | |  2.1
Stealth        | |  3.2

Action                   |  1- 3 |  4- 6 || total
-------------------------+-------+-------++-------
Melee: Club              |     2 |       ||     2
       Dagger            |     7 |    81 ||    88
       Bite              |     1 |    13 ||    14
       Rapier            |       |    13 ||    13
 Cast: Pain              |    56 |    16 ||    72
       Animate Skeleton  |     2 |       ||     2
       Control Undead    |       |     1 ||     1
 Abil: End Transformatio |       |     1 ||     1
       Bat Form          |       |     1 ||     1
  Use: Potion            |     4 |       ||     4
  Eat: Corpse            |     2 |     4 ||     6
Armor: Robe              |     5 |     2 ||     7
Dodge: Dodged            |     8 |    17 ||    25
